 Dungeon Crawl Stone Soup version 0.31-a0-216-g22e908daa7 (webtiles) character file.

Game seed: 17245805294911336149

11496 qw the Skirmisher (level 11, 0/72 HPs)
             Began as a Gargoyle Hexslinger on July 2, 2023.
             Was an Elder of Okawaru.
             Slain by a death yak (21 damage)
             ... on level 1 of the Lair of Beasts.
             The game lasted 00:02:49 (8396 turns).

qw the Skirmisher (Gargoyle Hexslinger)             Turns: 8396, Time: 00:02:49

Health: 0/72       AC: 12    Str: 18    XL:     11   Next: 78%
Magic:  14/14      EV: 14    Int: 17    God:    Okawaru [****..]
Gold:   521        SH:  0    Dex: 16    Spells: 11/12 levels left

rFire   . . .        a - +6 arbalest "Anepupn" {drain, Int+3}
rCold   . . .        (shield currently unavailable)
rNeg    + . .        s - +2 robe {Will+}
rPois   inf          (no helmet)
rElec   +            (no cloak)
rCorr   .            (no gloves)
SInv    .            (no boots)
Will    +....        (no amulet)
Stlth   +            g - +6 ring of strength
HPRegen 0.32/turn    (no ring)
MPRegen 0.14/turn

%: no passive effects
@: no status effects
A: sickness immunity, AC +8, negative energy resistance 1, electricity
resistance, torment resistance 1, petrification resistance
a: Renounce Religion, Heroism, Finesse


You were on level 1 of the Lair of Beasts.
You worshipped Okawaru.
Okawaru was greatly pleased with you.
You visited 3 branches of the dungeon, and saw 11 of its levels.

You collected 521 gold pieces.


Innate Abilities, Weirdness & Mutations

You are immune to sickness and miasma.
Your stone body is resilient. (AC +8)
You are immune to poison.
You resist negative energy. (rN+)
You are resistant to electric shocks. (rElec)
You are resistant to unholy torment.
You are immune to petrification.


   Skills:
 - Level 10.1 Fighting
 + Level 14.2 Ranged Weapons
 - Level 3.3 Armour
 - Level 4.6 Dodging
 - Level 1.0 Spellcasting
 - Level 2.6 Hexes
 + Level 4.0 Invocations


You had 11 spell levels left.
You knew the following spells:

 Your Spells              Type           Power      Damage    Failure   Level
a - Slow                  Hex            36%        N/A       7%          1

Your spell library contained the following spells:

 Spells                   Type           Power      Damage    Failure   Level
 Inner Flame              Hex/Fire       5%         N/A       36%         3
 Portal Projectile        Hex/Tloc       10%        N/A       36%         3
 Cause Fear               Hex            4%         N/A       56%         4

Inventory:

Hand Weapons
 a - the +6 arbalest "Anepupn" (weapon) {drain, Int+3}
   (You acquired it on level 1 of the Dungeon)

   Int:       It affects your intelligence (+3).
Armour
 h - a +0 cloak
 k - a +0 pair of gloves
 l - a +0 helmet
 s - a +2 robe of willpower (worn)
Jewellery
 g - a +6 ring of strength (left hand)
 i - an amulet of faith
Scrolls
 e - a scroll of enchant armour
 o - 5 scrolls of teleportation
 p - a scroll of identify
Potions
 b - 2 potions of might
 c - 3 potions of curing
 d - a potion of heal wounds
 f - 3 potions of enlightenment
 m - a potion of haste
 n - a potion of degeneration {unknown}
 q - a potion of brilliance {unknown}

Dungeon Overview and Level Annotations

Branches:
Dungeon (9/15)             Temple (1/1) D:5            Lair (1/5) D:9
    Orc: D:9-12

Altars:
Ashenzari
Cheibriados
Dithmenos
Elyvilon
Fedhas
Gozag
Hepliaklqana
Kikubaaqudgha
Makhleb
Nemelex Xobeh
Okawaru
Qazlal
Ru
Sif Muna
Trog
Uskayaw
Vehumet
Wu Jian
Xom
Yredelemnul
Zin
The Shining One

Shops:
D:7 *

Annotations:
D:7 1 runed translucent door, Crazy Yiuf


Message History

You kill the death yak!
Okawaru is honoured by your kill.
Your base Ranged Weapons skill increases to level 14!
You shoot a bolt. The bolt hits the death yak.
The death yak is heavily wounded.
You shoot a bolt. The bolt hits the death yak!!
You drain the death yak!
The death yak is almost dead.
The death yak gores you but does no damage.
You shoot a bolt. The bolt hits the death yak!!!
You kill the death yak!
Okawaru is honoured by your kill. The death yak closely misses you.
You shoot a bolt. The bolt hits the death yak.
You drain the death yak.
The death yak is heavily wounded.
The death yak gores you but does no damage. x2
You shoot a bolt. The bolt barely misses the death yak.
The death yak misses you.
You shoot a bolt. The bolt hits the death yak!
The death yak is severely wounded.
The death yak gores you!
You shoot a bolt.
The bolt hits the death yak but does no damage.
The death yak is severely wounded.
The death yak completely misses you. The death yak gores you!
You shoot a bolt. The bolt hits the death yak!
The death yak is almost dead.
The death yak gores you! The death yak gores you!!
You shoot a bolt. The bolt hits the death yak!
You drain the death yak.
You kill the death yak!
Okawaru is honoured by your kill.
You can now speed up your combat.
Your base Fighting skill increases to level 10!
You shoot a bolt. The bolt barely misses the death yak.
The black mamba bites you but does no damage.
The death yak gores you but does no damage.
You shoot a bolt. The bolt hits the death yak!
You drain the death yak.
The death yak is lightly wounded.
You feel like a meek peon again.
The black mamba bites you but does no damage.
The black mamba misses you. The death yak gores you!!
You die...

.>.....##...............
.......##.#..........#
..........#..........#
.......##.#..........#
........#.#..........#
.......'..#...........#
........#####.####P.###
.......## #...#####
###.#### ###Y@# ### ##S#


.YY ..... ....... ......... ........... #..........## You could see 3 death yaks
and a black mamba.

Vanquished Creatures
  Gastronok (Lair:1)
  Erolcha (D:9)
  A two-headed ogre (D:9)
  3 death yaks (Lair:1)
  A skeletal warrior (D:9)
  A cyclops (D:9)
  A cane toad (Lair:1)
  Psyche (D:9)
  2 komodo dragons
  Grinder (D:3)
  9 yaks
  2 wraiths (D:9)
  2 steam dragons
  Menkaure (D:7)
  2 water moccasins
  2 ice beasts
  An orc warrior (D:8)
  3 black bears
  2 sky beasts
  An ogre (D:6)
  3 centaurs (D:9)
  A phantom (D:5)
  Blork the orc (D:6)
  3 bullfrogs
  A gnoll sergeant (D:7)
  3 scorpions
  3 wights (D:9)
  5 killer bees (D:9)
  A howler monkey (D:6)
  An orc priest (D:8)
  6 hounds
  3 jellies
  A gnoll bouda (D:7)
  Ijyb (D:4)
  Terence (D:2)
  9 iguanas
  5 orc wizards
  10 adders
  17 gnolls
  2 shadow imps (D:8)
  3 white imps
  2 worms (D:3)
  12 orcs
  5 ball pythons
  10 endoplasms
  3 giant cockroaches
  9 goblins
  9 hobgoblins
  3 jackals (D:2)
  5 quokkas
  11 bats
  6 frilled lizards
  11 kobolds
  6 rats
210 creatures vanquished.

Notes
Turn   | Place    | Note
-------+----------+-------------------------------------------
     0 | D:1      | qw the Gargoyle Hexslinger began the quest for the Orb.
     0 | D:1      | Reached XP level 1. HP: 12/12 MP: 2/2
     0 | D:1      | 0 ||| qw: Version: 0.3-a-35-g05ef00e
     0 | D:1      | 0 ||| qw: Game counter: 7821
     0 | D:1      | 0 ||| qw: Melee chars always use a shield: true
     0 | D:1      | 0 ||| qw: God list: Okawaru
     0 | D:1      | 0 ||| qw: Allow faded altars: false
     0 | D:1      | 0 ||| qw: Do Orc after clearing Dungeon:15 true
     0 | D:1      | 0 ||| qw: Do second Lair branch before Depths: true
     0 | D:1      | 0 ||| qw: Lair rune preference: random
     0 | D:1      | 0 ||| qw: Goals: Normal
     0 | D:1      | 0 ||| PLANNING D:1-11
   122 | D:1      | Reached XP level 2. HP: 16/16 MP: 3/3
   233 | D:1      | Reached skill level 3 in Ranged Weapons
   442 | D:1      | Reached XP level 3. HP: 21/21 MP: 4/4
   603 | D:1      | 603 ||| UPGRADING to +0 leather armour.
   613 | D:1      | 613 ||| DROPPING +0 robe.
   614 | D:1      | 614 ||| UPGRADING to +6 ring of strength.
   615 | D:1      | 615 ||| READING scroll labelled POPHIWKAJIMN.
   615 | D:1      | Identified a scroll of acquirement
   615 | D:1      | 615 ||| ACQUIRING +6 arbalest "Anepupn" {drain, Int+3}
   615 | D:1      | Acquired the +6 arbalest "Anepupn" {drain, Int+3}
   617 | D:1      | 617 ||| SWAPPING to +6 arbalest "Anepupn" {drain, Int+3}.
   618 | D:1      | 618 ||| DROPPING +1 sling.
   619 | D:1      | 619 ||| READING scroll labelled YTYWAVE UMENIRGH.
   620 | D:1      | 620 ||| READING scroll labelled VID LEERAORCH.
   621 | D:1      | 621 ||| DROPPING scroll of poison.
   760 | D:2      | Noticed Terence
   765 | D:2      | Killed Terence
   819 | D:2      | Reached XP level 4. HP: 26/26 MP: 5/5
   850 | D:2      | Reached skill level 4 in Ranged Weapons
   986 | D:2      | Found a faded altar of an unknown god.
  1322 | D:2      | 1322 ||| UPGRADING to +0 ring mail.
  1332 | D:2      | 1332 ||| DROPPING +0 leather armour.
  1333 | D:2      | 1333 ||| READING scroll labelled IPAECW FYAR.
  1334 | D:2      | 1334 ||| DRINKING 2 puce potions.
  1335 | D:2      | 1335 ||| DRINKING 2 grey potions.
  1459 | D:3      | You fall into a shaft and drop 2 floors!
  1459 | D:5      | Entered Level 5 of the Dungeon
  1459 | D:5      | Found a shimmering blue altar of Sif Muna.
  1465 | D:5      | Noticed an ice beast
  1473 | D:5      | Killed an ice beast
  1474 | D:5      | Reached skill level 3 in Armour
  1474 | D:5      | Reached XP level 5. HP: 27/30 MP: 6/6
  1503 | D:5      | Reached XP level 6. HP: 35/35 MP: 7/7
  1532 | D:5      | Reached skill level 5 in Ranged Weapons
  1543 | D:5      | Found a stormy altar of Qazlal.
  1670 | D:5      | 1670 ||| READING scroll labelled BOTA IFUAL.
  1671 | D:5      | 1671 ||| READING scroll labelled IKKIF ROLAQ.
  1672 | D:5      | 1672 ||| DRINKING 2 brown potions.
  1673 | D:5      | 1673 ||| DRINKING 2 fizzy clear potions.
  1674 | D:5      | 1674 ||| DROPPING potion of magic.
  1700 | D:4      | Noticed a black bear
  1705 | D:4      | Killed a black bear
  1719 | D:4      | Found an opulent altar of Gozag.
  1730 | D:4      | Reached XP level 7. HP: 43/43 MP: 8/8
  1853 | D:4      | Reached skill level 6 in Ranged Weapons
  1959 | D:4      | 1959 ||| READING scroll labelled MAQUDINOSO.
  2372 | D:3      | Noticed Grinder
  2373 | D:3      | Paralysed by Grinder for 2 turns
  2377 | D:3      | Paralysed by Grinder for 5 turns
  2383 | D:3      | Killed Grinder
  2384 | D:3      | Reached skill level 7 in Ranged Weapons
  2384 | D:3      | Reached XP level 8. HP: 47/48 MP: 9/9
  2737 | D:3      | 2737 ||| DROPPING ring of magical power.
  2738 | D:3      | 2738 ||| READING scroll labelled DYBBUI XACUU.
  2839 | D:3      | 2839 ||| READING 2 scrolls of identify.
  2839 | D:3      | 2839 ||| IDENTIFYING white potion
  2840 | D:3      | 2840 ||| DROPPING potion of ambrosia.
  3194 | D:4      | Noticed Ijyb
  3198 | D:4      | Killed Ijyb
  3438 | D:4      | 3438 ||| READING scroll labelled TILOOSM YLASORA.
  3473 | D:4      | 3473 ||| READING 2 scrolls of identify.
  3473 | D:4      | 3473 ||| IDENTIFYING murky silvery potion
  3504 | D:5      | Reached skill level 8 in Ranged Weapons
  3555 | D:5      | Noticed a yak
  3555 | D:5      | Noticed a yak
  3556 | D:5      | Noticed a yak
  3557 | D:5      | Noticed a yak
  3558 | D:5      | Noticed a yak
  3567 | D:5      | Killed a yak
  3570 | D:5      | Killed a yak
  3571 | D:5      | Killed a yak
  3572 | D:5      | Reached skill level 9 in Ranged Weapons
  3572 | D:5      | Killed a yak
  3574 | D:5      | Killed a yak
  3575 | D:5      | Reached skill level 6 in Fighting
  3575 | D:5      | Reached XP level 9. HP: 22/56 MP: 10/10
  3825 | D:5      | Found a basalt altar of Yredelemnul.
  3935 | D:5      | Found a staircase to the Ecumenical Temple.
  3936 | D:5      | 3936 ||| PLANNING TEMPLE
  3939 | D:5      | 3939 ||| READING scroll labelled WAGGIH KOSTU.
  3945 | Temple   | Entered the Ecumenical Temple
  4086 | Temple   | 4086 ||| PLANNING D:1-11
  4246 | D:6      | Found an iron altar of Okawaru.
  4247 | D:6      | 4247 ||| PLANNING OKAWARU WORSHIP
  4247 | D:6      | 4247 ||| READING scroll labelled XAHIFEF ASSEKK.
  4255 | D:6      | Became a worshipper of Warmaster Okawaru
  4256 | D:6      | 4256 ||| PLANNING D:1-11
  4362 | D:6      | Reached skill level 10 in Ranged Weapons
  4411 | D:6      | Noticed Blork the orc
  4414 | D:6      | Killed Blork the orc
  4645 | D:6      | Reached * piety under Okawaru
  4991 | D:6      | 4991 ||| UPGRADING to +0 robe of willpower.
  5001 | D:6      | 5001 ||| READING 2 scrolls of identify.
  5001 | D:6      | 5001 ||| IDENTIFYING amethyst potion
  5002 | D:6      | 5002 ||| DROPPING potion of attraction.
  5113 | D:7      | 5113 ||| INVOKING Heroism.
  5120 | D:7      | Reached skill level 3 in Dodging
  5177 | D:7      | 5177 ||| Stepping ~*~*~tactically~*~*~ (cloud).
  5184 | D:7      | 5184 ||| FLEEEEING.
  5185 | D:7      | 5185 ||| FLEEEEING.
  5186 | D:7      | 5186 ||| FLEEEEING.
  5187 | D:7      | 5187 ||| FLEEEEING.
  5188 | D:7      | 5188 ||| FLEEEEING.
  5189 | D:7      | 5189 ||| FLEEEEING.
  5190 | D:7      | 5190 ||| FLEEEEING.
  5191 | D:7      | 5191 ||| FLEEEEING.
  5193 | D:7      | 5193 ||| FLEEEEING.
  5194 | D:7      | 5194 ||| FLEEEEING.
  5195 | D:7      | 5195 ||| FLEEEEING.
  5196 | D:7      | 5196 ||| FLEEEEING.
  5197 | D:7      | 5197 ||| FLEEEEING.
  5198 | D:7      | 5198 ||| FLEEEEING.
  5199 | D:7      | 5199 ||| FLEEEEING.
  5200 | D:7      | 5200 ||| FLEEEEING.
  5201 | D:7      | 5201 ||| FLEEEEING.
  5202 | D:7      | 5202 ||| FLEEEEING.
  5203 | D:7      | 5203 ||| FLEEEEING.
  5204 | D:7      | 5204 ||| FLEEEEING.
  5205 | D:7      | 5205 ||| FLEEEEING.
  5207 | D:7      | 5207 ||| FLEEEEING.
  5208 | D:7      | 5208 ||| FLEEEEING.
  5209 | D:7      | 5209 ||| FLEEEEING.
  5210 | D:7      | 5210 ||| FLEEEEING.
  5211 | D:7      | 5211 ||| FLEEEEING.
  5212 | D:7      | 5212 ||| FLEEEEING.
  5213 | D:7      | 5213 ||| STAIRDANCE
  5246 | D:7      | 5246 ||| STAIRDANCE
  5408 | D:7      | Reached skill level 1 in Invocations
  5415 | D:7      | Noticed Menkaure
  5416 | D:7      | 5416 ||| INVOKING Heroism.
  5419 | D:7      | Killed Menkaure
  5516 | D:7      | Found Tiacoduv's Fire Supplies.
  5524 | D:7      | 5524 ||| SHOPLISTING +2 ring mail of fire resistance (336
                  | gold, have 306).
  5524 | D:7      | 5524 ||| SHOPLISTING ring of protection from fire (400
                  | gold, have 306).
  5655 | D:7      | Found a sacrificial altar of Ru.
  5717 | D:7      | Reached skill level 11 in Ranged Weapons
  6028 | D:7      | Found a runed translucent door.
  6029 | D:7      | Noticed Crazy Yiuf
  6031 | D:7      | Identified the +5 hammer of Oblutt {flame, rCorr MP+9}
  6146 | D:7      | 6146 ||| READING scroll labelled OHYUTHRAM ICIB.
  6147 | D:7      | 6147 ||| READING 3 scrolls of identify.
  6147 | D:7      | 6147 ||| IDENTIFYING emerald potion
  6148 | D:7      | 6148 ||| READING 2 scrolls of identify.
  6148 | D:7      | 6148 ||| IDENTIFYING viscous cyan potion
  6149 | D:7      | 6149 ||| DROPPING potion of lignification.
  6186 | D:8      | Found a shadowy altar of Dithmenos.
  6188 | D:8      | 6188 ||| INVOKING Heroism.
  6190 | D:8      | Reached skill level 3 in Invocations
  6190 | D:8      | Reached XP level 10. HP: 63/63 MP: 9/12
  6267 | D:8      | 6267 ||| INVOKING Heroism.
  6753 | D:8      | 6753 ||| READING scroll labelled XIUNYDETHROC.
  6754 | D:8      | 6754 ||| READING scroll labelled ZIBI LURUSAENECO.
  6755 | D:8      | 6755 ||| READING scroll labelled ETECOI MATA.
  6900 | D:9      | 6900 ||| INVOKING Heroism.
  7065 | D:9      | 7065 ||| INVOKING Heroism.
  7150 | D:9      | Identified the +0 chain mail of Submission {rC+}
  7180 | D:9      | Found a burning altar of Makhleb.
  7181 | D:9      | 7181 ||| INVOKING Heroism.
  7187 | D:9      | Reached skill level 12 in Ranged Weapons
  7189 | D:9      | 7189 ||| Stepping ~*~*~tactically~*~*~ (cloud).
  7192 | D:9      | 7192 ||| Stepping ~*~*~tactically~*~*~ (cloud).
  7282 | D:9      | Noticed Erolcha
  7283 | D:9      | 7283 ||| INVOKING Heroism.
  7291 | D:9      | Killed Erolcha
  7360 | D:9      | Found a staircase to the Lair.
  7435 | D:9      | Found a white marble altar of Elyvilon.
  7498 | D:9      | Noticed a two-headed ogre
  7499 | D:9      | 7499 ||| INVOKING Heroism.
  7505 | D:9      | Killed a two-headed ogre
  7505 | D:9      | Reached ** piety under Okawaru
  7512 | D:9      | HP: 16/64 [wight/+4 halberd (2)]
  7513 | D:9      | 7513 ||| READING 6 scrolls of teleportation.
  7514 | D:9      | 7514 ||| DRINKING 2 potions of heal wounds.
  7672 | D:9      | Noticed a cyclops
  7673 | D:9      | 7673 ||| INVOKING Heroism.
  7676 | D:9      | Reached XP level 11. HP: 61/68 MP: 11/14
  7678 | D:9      | Killed a cyclops
  7678 | D:9      | Noticed a skeletal warrior
  7679 | D:9      | Reached skill level 13 in Ranged Weapons
  7683 | D:9      | Killed a skeletal warrior
  7923 | D:9      | Noticed Psyche
  7924 | D:9      | 7924 ||| INVOKING Heroism.
  7928 | D:9      | Killed Psyche
  7929 | D:9      | Reached skill level 9 in Fighting
  8136 | D:9      | 8136 ||| PLANNING LAIR
  8136 | D:9      | 8136 ||| DROPPING +0 ring mail.
  8137 | D:9      | 8137 ||| UPGRADING to +2 robe of willpower.
  8147 | D:9      | 8147 ||| DROPPING +0 robe of willpower.
  8195 | Lair:1   | Entered Level 1 of the Lair of Beasts
  8196 | Lair:1   | 8196 ||| INVOKING Heroism.
  8205 | Lair:1   | 8205 ||| STAIRDANCE
  8321 | Lair:1   | Noticed Gastronok
  8322 | Lair:1   | 8322 ||| INVOKING Heroism.
  8328 | Lair:1   | Killed Gastronok
  8328 | Lair:1   | Reached *** piety under Okawaru
  8334 | Lair:1   | Received a gift from Okawaru
  8375 | Lair:1   | Noticed a death yak
  8375 | Lair:1   | Noticed a death yak
  8376 | Lair:1   | 8376 ||| INVOKING Heroism.
  8377 | Lair:1   | Noticed a death yak
  8377 | Lair:1   | Noticed a death yak
  8378 | Lair:1   | Noticed a death yak
  8381 | Lair:1   | Noticed a death yak
  8385 | Lair:1   | Killed a death yak
  8386 | Lair:1   | Reached skill level 14 in Ranged Weapons
  8388 | Lair:1   | Killed a death yak
  8394 | Lair:1   | Killed a death yak
  8394 | Lair:1   | Reached **** piety under Okawaru
  8396 | Lair:1   | Slain by a death yak

Levels and vault maps discovered:
D:1:      saegor_arrival_miasma, layout_loops_ring
D:2:      layout_loops_ring, shapermc_ecumenical_altar_flowoftime, uniq_terence
D:3:      minmay_razor_zed, layout_loops_ring, uniq_grinder
D:4:      layout_basic, nicolae_gozag_seed_capital, uniq_ijyb
D:5:      layout_rooms, lemuel_doored_altar, nicolae_qazlal_general_emergency,
          mainiacjoe_overflow_cross_hatched, temple_green
D:6:      layout_cave_pods, kennysheep_okawaru_gauntlet,
          kennysheep_generic_room_3, uniq_blork_the_orc
D:7:      layout_basic, nicolae_ru_great_annihilating_truth,
          nrook_mini_backslash, nicolae_shop_fire_sale [nicolae_sub_dead_trees],
          uniq_crazy_yiuf_cottage, uniq_menkaure
D:8:      layout_loops_ring, old_standard_altar, kennysheep_potato
D:9:      layout_basic, elyvilon_altar_1,
          mainiacjoe_overflow_concentric_impassable, lair_entry_dummy,
          minivault_20, uniq_psyche, uniq_erolcha
Temple:   hellmonk_temple_forest_ring
Lair:1:   layout_roguey, nzn_sisyphean_effort, uniq_gastronok

Skill      XL: |  1  2  3  4  5  6  7  8  9 10 11 |
---------------+----------------------------------+-----
Ranged Weapons | 3 4 5 7 9 11 12 14 | 14.2
Fighting       | 2 4 6 7 8 10 | 10.1
Armour         | 3 |  3.3
Dodging        | 2 3 4 |  4.6
Invocations    | 3 4 |  4.0
Spellcasting   | |  1.0
Hexes          | |  2.6

Action                     |  1- 3 |  4- 6 |  7- 9 | 10-12 || total
---------------------------+-------+-------+-------+-------++-------
   Fire: Sling             |    67 |       |       |       ||    67
         Arbalest          |    16 |    60 |   226 |   143 ||   445
 Invoke: Heroism           |       |       |     3 |    11 ||    14
    Use: Scroll            |     3 |     3 |    11 |     4 ||    21
         Potion            |       |     4 |       |     1 ||     5
 Armour: Robe              |     7 |       |       |    28 ||    35
         Leather armour    |     1 |     1 |       |       ||     2
         Ring mail         |       |    19 |    27 |       ||    46
  Dodge: Dodged            |    19 |    28 |    64 |    80 ||   191

Table legend:
 A = Non-vault XP
 B = Vault XP
 C = Vault XP percentage of total XP
 D = Non-vault monster count
 E = Vault monster count
 F = Vault count percentage of total count
                 A         B        C        D         E       F
            +---------+---------+-------+---------+---------+-------
      Total |   11531 |    4892 |  29.8 |     178 |      32 |  15.2
            +---------+---------+-------+---------+---------+-------
        D:1 |      35 |       0 |   0.0 |      22 |       0 |   0.0
        D:2 |      63 |      36 |  36.4 |      15 |       1 |   6.2
        D:3 |      62 |     335 |  84.4 |      20 |      16 |  44.4
        D:4 |     524 |      36 |   6.4 |      22 |       1 |   4.3
        D:5 |    1586 |       0 |   0.0 |      21 |       0 |   0.0
        D:6 |     964 |     100 |   9.4 |      22 |       3 |  12.0
        D:7 |     705 |     189 |  21.1 |      19 |       5 |  20.8
        D:8 |     524 |     100 |  16.0 |       9 |       1 |  10.0
        D:9 |    3726 |    2516 |  40.3 |      22 |       4 |  15.4
     Lair:1 |    3342 |    1580 |  32.1 |       6 |       1 |  14.3
            +---------+---------+-------+---------+---------+-------
